 Dungeon Crawl Stone Soup version 0.23.2-33-g5129a83184 (webtiles) character file.

Game seed: 1141967829554818765

823842 Joat the Hoplite (level 27, -1/360 HPs)
             Began as a Demonspawn Fighter on July 6, 2019.
             Was the Champion of Vehumet.
             Killed by divine providence
             ... invoked by a balrug
              (7 damage)
             ... in Pandemonium on July 7, 2019.
             The game lasted 08:47:15 (91620 turns).

Joat the Hoplite (Demonspawn Fighter)              Turns: 91620, Time: 08:47:16

Health: -1/360     AC: 23    Str: 27    XL:     27
Magic:  49/49      EV: 32    Int: 20    God:    Vehumet [******]
Gold:   4883       SH: 27    Dex: 25    Spells: 33/70 levels left

rFire    + + .     SeeInvis +   a - +9 demon whip (drain)
rCold    + + +     Gourm    .   e - +0 large shield {AC+3}
rNeg     + + .     Faith    .   L - +5 faerie dragon scales {rElec rN+ rCorr}
rPois    +         Spirit   .   c - +0 hat of Duty {rPois MR+ SInv}
rElec    +         Reflect  .   k - +1 cloak of Starlight {rElec rC+ EV+4 Stlth--}
rCorr    +         Harm     .   (gloves unavailable)
MR       +++++     Clarity  +   p - +0 pair of boots of Fad Caos {+Inv rF++ Str+4 Int-2}
Stlth    ..........             w - amulet of the Four Winds {rN+ MR+++ Clar}
HPRegen  2.10/turn              Z - ring of Xoidohug {*Contam rPois rF+ rC++ SInv}
MPRegen  0.31/turn              U - +4 ring of slaying

@: mighty, agile, berserking (expiring), fire vulnerable, regenerating, very
quick
A: claws 3, horns 2, thin skeletal structure 3, clever 1, powered by pain 3,
regeneration 1, spiny 3, augmentation 3
}: 5/15 runes: decaying, slimy, silver, abyssal, gossamer
a: Renounce Religion, Evoke Invisibility


You were in Pandemonium.
You worshipped Vehumet.
Vehumet was exalted by your worship.
You were not hungry.

You visited 13 branches of the dungeon, and saw 59 of its levels.
You visited Pandemonium 1 time, and saw 2 of its levels.
You visited the Abyss 17 times.
You also visited: Gauntlet, Ice Cave and Volcano.

You collected 10548 gold pieces.
You spent 5665 gold pieces at shops.

Inventory:

Hand Weapons
 a - a +9 demon whip of draining (weapon)
 b - the +10 morningstar "Eos" {elec, Halo rElec}
   (You took it off a tengu reaver on level 4 of the Depths)

   Occasionally, upon striking a foe, it will discharge some electrical energy
   and cause terrible harm.
   It insulates you from electricity.
 n - a +0 demon whip of electrocution
Missiles
 K - 4 throwing nets (quivered)
Armour
 c - the +0 hat of Duty (worn) {rPois MR+ SInv}
   (You acquired it on level 3 of the Crypt)

   It protects you from poison.
   It affects your resistance to hostile enchantments.
   It lets you see invisible.
 e - a +0 large shield of protection (worn)
 k - the +1 cloak of Starlight (worn) {rElec rC+ EV+4 Stlth--}
   (You bought it in a shop on level 2 of the Orcish Mines)

   It affects your evasion (+4).
   It protects you from cold.
   It insulates you from electricity.
   It makes you much less stealthy.
 p - the +0 pair of boots of Fad Caos (worn) {+Inv rF++ Str+4 Int-2}
   (Okawaru gifted it to you on level 1 of the Depths)

   It affects your strength (+4).
   It affects your intelligence (-2).
   It greatly protects you from fire.
   It lets you turn invisible.
 L - the +5 faerie dragon scales (worn) {rElec rN+ rCorr}
   (You took it off the Enchantress on level 3 of the Depths)

   It insulates you from electricity.
   It protects you from negative energy.
   It provides partial protection from all sources of acid and corrosion.
Jewellery
 w - the amulet of the Four Winds (around neck) {rN+ MR+++ Clar}
   (You bought it in a shop on level 4 of the Dungeon)

   [amulet of nothing]

   It protects you from negative energy.
   It affects your resistance to hostile enchantments.
   It protects you against confusion.
 y - an uncursed ring of flight
 U - a +4 ring of slaying (right claw)
 Z - the ring of Xoidohug (left claw) {*Contam rPois rF+ rC++ SInv}
   (You bought it in a shop on level 2 of the Vaults)

   [ring of see invisible]

   It protects you from fire.
   It greatly protects you from cold.
   It protects you from poison.
   It lets you see invisible.
   It causes magical contamination when unequipped.
Wands
 s - a wand of acid (21)
 H - a wand of clouds (9)
 X - a wand of digging (9)
Scrolls
 h - 5 scrolls of enchant armour
 i - 25 scrolls of identify
 l - a scroll of amnesia
 o - 13 scrolls of fear
 q - 37 scrolls of remove curse
 t - 30 scrolls of teleportation
 v - 6 scrolls of fog
 z - 13 scrolls of magic mapping
 A - 9 scrolls of blinking
 E - 2 scrolls of silence
 G - 7 scrolls of enchant weapon
 N - 2 scrolls of summoning
Potions
 d - 3 potions of mutation
 j - 30 potions of curing
 m - 3 potions of invisibility
 r - 6 potions of cancellation
 u - 10 potions of ambrosia
 x - 9 potions of might
 D - 6 potions of magic
 O - 12 potions of agility
 P - 8 potions of flight
 Q - 2 potions of haste
 R - 3 potions of resistance
 T - 5 potions of brilliance
Miscellaneous
 S - a lamp of fire
Comestibles
 f - 95 rations


   Skills:
 * Level 24.6 Fighting
   Level 1.7(10.9) Axes
 - Level 15.9(16.0) Maces & Flails
 - Level 16.9 Armour
 - Level 11.4 Dodging
 - Level 25.0 Shields
 * Level 22.2 Spellcasting
 - Level 13.0 Hexes
 - Level 13.4 Necromancy
 - Level 4.0 Translocations
 - Level 6.0 Transmutations
 - Level 10.1 Earth Magic
   Level 10.0 Invocations


You had 33 spell levels left.
You knew the following spells:

 Your Spells              Type           Power        Failure   Level  Hunger
a - Borgnjor's Vile Clut  Necr/Erth      ######....   1%          5    None
d - Lee's Rapid Deconstr  Erth           ######....   1%          5    None
e - Dispel Undead         Necr           ######..     1%          5    None
k - Apportation           Tloc           #####.       1%          1    None
q - Regeneration          Chrm/Necr      #####.....   1%          3    None
s - Ozocubu's Refrigerat  Ice            ###.......   61%         6    ###....
w - Summon Butterflies    Summ           ###.....     2%          1    None
B - Blink                 Tloc           N/A          1%          2    None
C - Confusing Touch       Hex            ######       0%          1    None
Q - Necromutation         Tmut/Necr      ######....   95%         8    ######.

Your spell library contained the following spells:

 Spells                   Type           Power        Failure   Level  Hunger
 Chain Lightning          Conj/Air       ###.......   100%        8    ######.
 Ignition                 Fire           ###.......   100%        8    ######.
 Fire Storm               Conj/Fire      ###.......   100%        9    #######
 Animate Skeleton         Necr           N/A          0%          1    None
 Corona                   Hex            ######.      0%          1    None
 Pain                     Necr           ####         0%          1    None
 Corpse Rot               Necr           N/A          0%          2    None
 Slow                     Hex            ######..     0%          2    None
 Sublimation of Blood     Necr           ######....   0%          2    None
 Beastly Appendage        Tmut           #####.       1%          1    None
 Flame Tongue             Conj/Fire      ###..        1%          1    None
 Freeze                   Ice            ###.         1%          1    None
 Magic Dart               Conj           ###.         1%          1    None
 Sandblast                Erth           ######       1%          1    None
 Shock                    Conj/Air       ###.         1%          1    None
 Sting                    Conj/Pois      ###.         1%          1    None
 Ensorcelled Hibernation  Hex/Ice        #####.       1%          2    None
 Searing Ray              Conj           ###...       1%          2    None
 Shroud of Golubria       Chrm/Tloc      ####......   1%          2    None
 Sticks to Snakes         Tmut           #####...     1%          2    None
 Throw Flame              Conj/Fire      ###...       1%          2    None
 Throw Frost              Conj/Ice       ###...       1%          2    None
 Confuse                  Hex            ######..     1%          3    None
 Conjure Flame            Conj/Fire      ###.....     1%          3    None
 Dazzling Spray           Conj/Hex       #####.       1%          3    None
 Gell's Gravitas          Tloc           #####.....   1%          3    None
 Ignite Poison            Fire/Tmut/Pois ####....     1%          3    None
 Inner Flame              Hex/Fire       #####...     1%          3    None
 Lesser Beckoning         Tloc           #####.....   1%          3    None
 Mephitic Cloud           Conj/Pois/Air  ###.....     1%          3    None
 Portal Projectile        Hex/Tloc       ######       1%          3    None
 Spectral Weapon          Hex/Chrm       #####...     1%          3    None
 Spider Form              Tmut/Pois      ####......   1%          3    None
 Static Discharge         Conj/Air       ###.....     1%          3    None
 Stone Arrow              Conj/Erth      #####.       1%          3    None
 Tukima's Dance           Hex            ######..     1%          3    None
 Vampiric Draining        Necr           ######....   1%          3    None
 Animate Dead             Necr           N/A          1%          4    None
 Cause Fear               Hex            ######....   1%          4    None
 Fulminant Prism          Conj/Hex       #####.....   1%          4    None
 Leda's Liquefaction      Hex/Erth       ######....   1%          4    None
 Petrify                  Tmut/Erth      ######..     1%          4    None
 Agony                    Necr           ######..     1%          5    None
 Bolt of Draining         Conj/Necr      #####.....   1%          5    None
 Yara's Violent Unravell  Hex/Tmut       ######....   1%          5    None
 Darkness                 Hex            ######....   1%          6    ###....
 Death Channel            Necr           ######....   1%          6    ###....
 Invisibility             Hex            ######..     1%          6    ###....
 Infusion                 Chrm           ###.         2%          1    None
 Summon Small Mammal      Summ           ###.         2%          1    None
 Force Lance              Conj/Tloc      ####....     2%          4    None
 Call Imp                 Summ           ###.....     3%          2    None
 Poisonous Vapours        Pois/Air       ###...       3%          2    None
 Song of Slaying          Chrm           ###.....     3%          2    None
 Swiftness                Chrm/Air       ###.....     3%          2    None
 Recall                   Summ/Tloc      N/A          3%          3    None
 Excruciating Wounds      Chrm/Necr      #####.....   3%          5    None
 Blade Hands              Tmut           #####.....   4%          5    None
 Bolt of Magma            Conj/Fire/Erth #####.....   4%          5    None
 Irradiate                Conj/Tmut      ####......   4%          5    None
 Metabolic Englaciation   Hex/Ice        #####.....   4%          5    None
 Silence                  Hex/Air        #####.....   4%          5    None
 Summon Mana Viper        Hex/Summ       #####...     4%          5    None
 Airstrike                Air            ###.......   6%          4    None
 Ice Form                 Ice/Tmut       ####....     6%          4    None
 Iskenderun's Mystic Bla  Conj           ###.....     6%          4    None
 Olgreb's Toxic Radiance  Pois           ###.....     6%          4    None
 Sticky Flame             Conj/Fire      ###.....     6%          4    None
 Throw Icicle             Conj/Ice       ###.....     6%          4    None
 Call Canine Familiar     Summ           ###.....     7%          3    None
 Ozocubu's Armour         Chrm/Ice       ###.....     7%          3    None
 Iron Shot                Conj/Erth      #####.....   11%         6    ###....
 Statue Form              Tmut/Erth      ######...    12%         6    ###....
 Fireball                 Conj/Fire      ###.......   16%         5    None
 Iskenderun's Battlesphe  Conj/Chrm      ###.....     16%         5    None
 Lightning Bolt           Conj/Air       ###.......   16%         5    None
 Venom Bolt               Conj/Pois      ###.......   16%         5    None
 Alistair's Intoxication  Tmut/Pois      ####....     17%         5    None
 Summon Ice Beast         Ice/Summ       ###.....     22%         4    None
 Summon Lightning Spire   Summ/Air       ###.....     22%         4    None
 Simulacrum               Ice/Necr       #####.....   22%         6    ###....
 Summon Forest            Summ/Tloc      ####......   26%         5    None
 Hydra Form               Tmut           #####.....   28%         6    ###....
 Borgnjor's Revivificati  Necr           ######....   52%         8    ######.
 Infestation              Necr           ######....   52%         8    ######.
 Bolt of Cold             Conj/Ice       ###.......   61%         6    ###....
 Bolt of Fire             Conj/Fire      ###.......   61%         6    ###....
 Conjure Ball Lightning   Conj/Air       ###.......   61%         6    ###....
 Freezing Cloud           Conj/Ice/Air   ###.......   61%         6    ###....
 Haunt                    Necr/Summ      #####.....   75%         7    #####..
 Dragon Form              Tmut           #####.....   83%         7    #####..
 Deflect Missiles         Chrm/Air       ###.......   98%         6    ###....
 Orb of Destruction       Conj           ###.......   98%         7    #####..
 Spellforged Servitor     Conj/Summ      ###.......   98%         7    #####..
 Malign Gateway           Summ/Tloc      ####......   100%        7    #####..
 Monstrous Menagerie      Summ           ###.......   100%        7    #####..
 Ring of Flames           Chrm/Fire      ###.......   100%        7    #####..
 Summon Greater Demon     Summ           ###.......   100%        7    #####..
 Summon Hydra             Summ           ###.......   100%        7    #####..
 Death's Door             Chrm/Necr      #####.....   100%        8    ######.
 Summon Horrible Things   Summ           ###.......   100%        8    ######.
 Dragon's Call            Summ           ###.......   100%        9    #######
 Tornado                  Air            ###.......   100%        9    #######


Dungeon Overview and Level Annotations

Branches:
Dungeon (15/15)            Temple (1/1) D:5            Lair (6/6) D:8
  Swamp (4/4) Lair:2       Spider (4/4) Lair:2        Slime (5/5) Lair:5
    Orc (2/2) D:9             Elf (3/3) Orc:2        Vaults (5/5) D:13
  Crypt (3/3) Vaults:2       Tomb (0/3) Crypt:3      Depths (5/5) D:15
   Hell (1/1)                 Dis (0/7) Hell            Geh (0/7) Hell
    Coc (0/7) Hell            Tar (0/7) Hell            Zot (5/5) Depths:5

Altars:
Ashenzari
Cheibriados
Dithmenos
Elyvilon
Fedhas
Gozag
Hepliaklqana
Kikubaaqudgha
Makhleb
Nemelex Xobeh
Okawaru
Qazlal
Ru
Sif Muna
Trog
Uskayaw
Vehumet
Wu Jian
Xom
Yredelemnul
Zin
The Shining One
Beogh
Jiyva

Shops:
D:4 =?   D:9 (   D:10 [   D:13 *   D:14 %   Orc:2 *[(=%   Elf:1 :   Elf:2 ?
Vaults:1 [[   Vaults:2 %=   Vaults:4 ?

Portals:
Hell: Depths:1 Depths:2 Depths:3 Depths:4 Depths:5
Abyss: Depths:2 Depths:4 Depths:5
Pandemonium: Depths:2 Depths:3 Depths:5
Ziggurat: Depths:4

Annotations:
Elf:2 3 runed translucent doors, Jaz's ghost, journeyman HOBe
Zot:5 1 exclusion


Innate Abilities, Weirdness & Mutations

You have claws for hands.
You have an unnaturally thin skeletal structure. (Dex +6, Stealth++)
You are powered by pain.
You are completely covered in sharp spines.
Your magical and physical power is greatly enhanced at high health.
You have a pair of horns on your head.
Your mind is acute. (Int +2)
Your natural rate of healing is unusually fast.


Message History

You are too berserk!
Unknown command.
Enter note: RIP You are too berserk!
You are too berserk!
You are too berserk!
Okay, then.
You are too berserk!
You are too berserk!
You feel a strong urge to attack something.
You are too berserk!
You thrash the fire vortex!! You headbutt the fire vortex!
The fire vortex dissipates!
You are too berserk!
You are too berserk!
You are too berserk!
You are too berserk!
The balrug gestures at you. Something smites you!
You die...

..22.###.# #...#)# .##
##### #..## #.#
####..v######.#
#.###...........2## #
#.#...|..).v.°°.°###
###.........|.°°°°°..#
..............°..°°.##
............v.°°@.###
........).....°°○#°.#
...............######
.............###
###........### #
##....#### #.#### #.#
##.###


You could see a balrug and 3 fire vortices.

Vanquished Creatures
  Cerebov (Pan)
  3 orbs of fire
  8 ancient liches
  4 juggernauts
  Sojobo (Crypt:3)
  Boris (Vaults:5)
  10 Killer Klowns
  A pandemonium lord (Pan)
  Bai Suzhen (Vaults:5)
  Saint Roka (Vaults:4)
  Geryon (Hell)
  4 curse toes
  A caustic shrike (Depths:4)
  Xtahua (Vaults:4)
  Nikola (Elf:3)
  10 golden dragons
  the Enchantress (Depths:3)
  8 bone dragons
  6 electric golems
  Jorgrun (Elf:1)
  A Brimstone Fiend (Pan)
  30 tentacled monstrosities
  The ghost of dvd the Sorcerer, an adept DEFE of Vehumet (Vaults:1)
  Asterion (Spider:1)
  10 liches
  25 Orb Guardians
  7 deep elf blademasters
  10 quicksilver dragons
  18 titans
  16 acid blobs
  6 deep elf master archers
  Gastronok (Lair:1)
  14 tentacled starspawn
  5 sphinxes
  3 ancient champions
  14 tengu reavers
  14 death cobs
  A draconian monk (Zot:1)
  16 storm dragons
  Kirke (D:13)
  A thorn hunter (Swamp:4)
  19 shadow dragons
  A daeva (Pan)
  Donald (Swamp:3)
  8 azure jellies
  21 fire giants
  22 frost giants
  5 emperor scorpions (Spider:4)
  3 revenants
  15 deep elf sorcerers
  A fire giant (shapeshifter) (Vaults:5)
  2 orc warlords (Orc:2)
  7 draconian knights
  2 cacodemons
  12 draconian shifters
  A black sun (Pan)
  10 vault wardens
  8 ghost moths
  11 balrugs
  Aizul (Vaults:1)
  7 iron dragons
  4 draconian scorchers
  An angel (Abyss:3)
  7 deep elf elementalists
  6 reapers
  7 ghouls
  2 draconian stormcallers
  6 war gargoyles
  30 very ugly things
  3 draconian annihilators
  9 ironheart preservers
  4 spriggan defenders (Depths:3)
  Nessos (Lair:6)
  4 entropy weavers
  10 vampire knights
  5 green draconians
  2 ophanim (Abyss:3)
  25 stone giants
  A blood saint (Pan)
  A dire elephant (Lair:6)
  6 deep elf demonologists
  3 lorocyprocas
  A corrupter (Pan)
  4 deep elf annihilators
  8 black draconians
  11 white draconians
  12 yellow draconians
  12 red draconians
  The ghost of troglodite the Thaumaturge, a journeyman GnSk of Wu Jian (Orc:1)
  9 purple draconians
  4 spark wasps
  19 ettins
  9 deep elf death magi
  11 death oozes
  3 eidola
  19 fire dragons
  2 blizzard demons (Hell)
  A green death (Abyss:1)
  3 crystal guardians (Crypt:3)
  2 jiangshi (Crypt:1)
  Snorg (D:10)
  A quicksilver dragon zombie (Crypt:3)
  6 deep elf high priests
  22 hydras
  A hell beast (Depths:4)
  A hydra (shapeshifter) (Vaults:5)
  2 quicksilver dragon skeletons
  18 yaktaur captains
  17 great orbs of eyes
  A naga warrior (Abyss:1)
  9 spriggan air magi
  8 rakshasas
  26 vault guards
  15 ice dragons
  12 ogre magi
  11 centaur warriors
  2 catoblepae
  3 ghost crabs
  4 shambling mangroves
  44 two-headed ogres
  3 death knights
  34 dancing weapons
  A queen ant (Spider:4)
  11 alligators
  12 deep troll shamans
  6 tengu warriors
  5 spriggan berserkers
  3 death yaks (Lair:6)
  6 thrashing horrors (Abyss:1)
  6 vampire magi
  40 hell knights
  An orc high priest (Orc:2)
  12 soul eaters
  8 deep troll earth magi
  The ghost of Grendash the Shield-Bearer, a novice DDFi (D:7)
  4 titan zombies
  Sonja (Lair:2)
  43 large abominations
  15 wretched stars
  Nergalle (Orc:2)
  21 deep elf knights
  11 sun demons (Pan)
  2 iron golems (Hell)
  7 sixfirhies
  40 skeletal warriors
  4 storm dragon skeletons
  34 small abominations
  7 unseen horrors
  A salamander mystic (Volcano)
  3 shadow demons
  2 cherubim (Abyss:3)
  2 wizards
  5 iron trolls
  3 shadow wraiths
  2 spatial maelstroms
  A spriggan druid (Swamp:4)
  A quicksilver dragon simulacrum (Depths:4)
  An unseen horror (shapeshifter) (Depths:1)
  14 deep elf archers
  3 infernal demonspawn (Pan)
  6 flayed ghosts
  An obsidian statue (Zot:5)
  4 lindwurms
  4 swamp dragons (Swamp:4)
  An anaconda zombie (Hell)
  5 glowing orange brains
  22 deep trolls
  3 golden dragon skeletons
  An anaconda skeleton (Hell)
  18 ironbrand convokers
  A lindwurm (shapeshifter) (Depths:3)
  A shadow dragon zombie (Abyss:1)
  Pikel (D:6)
  A harpy (shapeshifter) (Elf:3)
  76 deep elf magi
  A sphinx zombie (Vaults:4)
  7 phantasmal warriors
  11 orc knights
  20 necromancers
  A frost giant zombie (Vaults:4)
  An orange crystal statue (Depths:1)
  12 orb spiders
  28 wolf spiders
  A shadow dragon skeleton (Crypt:3)
  48 ugly things
  An oklob plant (Lair:1)
  A stone giant zombie (Abyss:1)
  8 orc sorcerers
  2 shining eyes (Slime:5)
  2 moths of wrath (shapeshifter)
  A centaur zombie (D:15)
  A sphinx skeleton (Crypt:1)
  7 cyclopes
  2 fire giant zombies
  29 moths of wrath
  A wolf spider (shapeshifter) (Vaults:4)
  A manticore (D:15)
  A fire giant skeleton (Vaults:4)
  Maurice (D:8)
  4 worldbinders
  A frost giant skeleton (Crypt:3)
  6 salamanders (Volcano)
  A guardian serpent (Abyss:1)
  2 guardian serpents (shapeshifter)
  12 elephants
  2 black mambas (shapeshifter)
  4 eyes of devastation
  16 vault sentinels
  4 black mambas
  9 smoke demons
  7 ice statues
  10 rust devils
  2 naga magi (Vaults:1)
  Psyche (D:12)
  20 spiny frogs
  7 orange demons
  A human skeleton (Vaults:4)
  An apocalypse crab (Abyss:1)
  2 dire elephant skeletons (Crypt:3)
  A catoblepas zombie (Crypt:2)
  9 komodo dragons
  3 centaur skeletons
  5 gargoyles
  8 freezing wraiths
  4 hellions (Pan)
  56 yaktaurs
  2 rime drakes (shapeshifter)
  A white draconian zombie (Crypt:2)
  A hellwing (Abyss:1)
  2 kobold demonologists
  3 yaktaurs (shapeshifter)
  A golden dragon simulacrum (Crypt:1)
  6 tengu conjurers
  8 rime drakes
  6 efreet
  6 red devils
  2 ice devils (Hell)
  A komodo dragon (shapeshifter) (Vaults:2)
  15 demonic crawlers
  2 anaconda simulacra (IceCv)
  A minotaur skeleton (Crypt:2)
  2 harpy zombies
  A polar bear (Lair:4)
  A queen bee (shapeshifter) (Vaults:2)
  A troll (shapeshifter) (Vaults:2)
  A hydra zombie (Hell)
  5 ancient zymes (Abyss:1)
  30 jumping spiders
  6 trolls
  22 hornets
  A shadow dragon simulacrum (Hell)
  8 tyrant leeches
  5 alligator zombies
  15 bog bodies
  8 dream sheep (Lair:6)
  2 frost giant simulacra
  A fire giant simulacrum (Vaults:1)
  2 raiju (shapeshifter)
  94 slime creatures
  A stone giant simulacrum (Vaults:1)
  8 blink frogs
  3 fire dragon zombies
  29 raiju
  A hydra skeleton (Abyss:1)
  13 hippogriffs
  A dream sheep (shapeshifter) (Vaults:5)
  2 alligator skeletons
  84 redbacks
  3 ettin skeletons
  39 flying skulls
  53 yaks
  A dire elephant simulacrum (IceCv)
  35 tarantellas
  An air elemental (Elf:3)
  18 spriggans
  4 shadows
  4 wyverns
  6 fire dragon skeletons (Crypt:2)
  A human (D:10)
  9 water elementals
  2 vampires
  3 fire bats (Abyss:1)
  4 hogs (D:13)
  6 fire elementals
  A hog (shapeshifter) (Depths:1)
  4 wraiths
  10 ynoxinuls
  2 golden eyes (shapeshifter)
  5 basilisks
  10 chaos spawn
  A human simulacrum (Vaults:3)
  10 neqoxecs
  14 swamp worms
  3 harpy simulacra (IceCv)
  21 vampire mosquitoes
  A spatial vortex (Abyss:1)
  11 insubstantial wisps
  7 wargs
  Menkaure (D:6)
  2 acid dragons
  24 soldier ants
  An infernal demonspawn zombie (Crypt:1)
  An iron troll simulacrum (IceCv)
  A soldier ant (shapeshifter) (Elf:2)
  19 water moccasins
  6 porcupines
  A torturous demonspawn skeleton (Crypt:1)
  A spiny frog zombie (Crypt:1)
  2 floating eyes
  A two-headed ogre skeleton (Crypt:2)
  A floating eye (shapeshifter) (Vaults:5)
  14 swamp drakes
  9 ice beasts
  42 orc warriors
  A slave (D:6)
  An alligator simulacrum (Hell)
  2 ettin simulacra (IceCv)
  A black bear (D:7)
  A manticore zombie (Hell)
  43 starcursed masses
  2 spiny frog skeletons (Crypt:3)
  2 elf zombies (Vaults:4)
  8 sky beasts
  A swamp dragon zombie (Crypt:3)
  18 boggarts
  3 phantoms
  3 necrophages
  33 centaurs
  6 wolves (Lair:6)
  36 ogres
  2 hog skeletons (Crypt:2)
  9 crocodiles
  2 big kobolds (D:9)
  Blork the orc (D:6)
  A rime drake skeleton (Crypt:2)
  8 bullfrogs
  A salamander zombie (Crypt:2)
  2 human zombies
  2 earth elementals
  An elf skeleton (Crypt:1)
  5 scorpions
  5 killer bees (D:9)
  7 wights
  5 electric eels
  3 howler monkeys
  19 crimson imps
  2 bullfrog zombies
  8 quasits
  A jelly (D:13)
  5 hounds
  23 orc priests
  21 orc wizards
  7 iron imps
  3 iguanas
  28 worker ants
  A crocodile zombie (Crypt:1)
  An ogre skeleton (Crypt:3)
  A dwarf skeleton (Crypt:1)
  A hound skeleton (D:8)
  A worker ant zombie (D:6)
  4 gnolls
  8 adders
  3 shadow imps
  8 white imps
  An ooze (D:2)
  An ufetubus (Abyss:1)
  2 worms
  2 dart slugs
  5 leopard geckos
  91 orcs
  4 bats
  7 giant cockroaches
  3 goblins
  5 hobgoblins
  4 jackals
  32 kobolds
  9 quokkas
  2 ball pythons
  3 frilled lizards
  A frilled lizard skeleton (Crypt:1)
  A jackal zombie (D:5)
  2 quokka skeletons
  3 quokka zombies
  11 rats
  4 crawling corpses (Elf:3)
  2 fire vortices (Pan)
  5 fungi
  2 plants
  2 starspawn tentacles (Abyss:1)
  3 withered plants (Vaults:1)
3183 creatures vanquished.

Vanquished Creatures (collateral kills)
  the Royal Jelly (Slime:5)
  An acid blob (Slime:5)
  A hornet (Swamp:4)
  A redback (Spider:2)
4 creatures vanquished.

Vanquished Creatures (others)
  2 fire giants
  2 draconian knights
  A ghost moth (Zot:1)
  An emperor scorpion (Spider:4)
  A deep elf knight (Elf:3)
  An anaconda zombie (Hell)
  A deep elf mage (Elf:1)
  A wolf spider (Spider:1)
  A hornet (Swamp:4)
  A tarantella (Spider:2)
  A ynoxinul (Pan)
  A spiny frog zombie (Hell)
  A swamp drake (Swamp:4)
  A boggart (Vaults:1)
  A small abomination (Abyss:1)
  A howler monkey (D:6)
  A crimson imp (D:6)
  Crazy Yiuf (D:2)
  Terence (D:2)
  An orc wizard (Orc:2)
  A leopard gecko (D:6)
  2 orcs
  3 briar patches (Swamp:4)
  7 fungi
  2 lurking horrors (Abyss:1)
  9 plants
  36 starspawn tentacles (Abyss:1)
82 creatures vanquished.

Grand Total: 3269 creatures vanquished

Notes
Turn   | Place    | Note
-------+----------+-------------------------------------------
     0 | D:1      | Joat the Demonspawn Fighter began the quest for the Orb.
     0 | D:1      | Reached XP level 1. HP: 18/18 MP: 1/1
   142 | D:1      | Reached skill level 3 in Shields
   334 | D:1      | Gained mutation: You have a somewhat thin skeletal
                  | structure. (Dex +2, Stealth) [demonic ancestry]
   334 | D:1      | Reached XP level 2. HP: 24/24 MP: 2/2
   832 | D:1      | Reached XP level 3. HP: 9/29 MP: 3/3
  1238 | D:2      | Noticed Terence
  1249 | D:2      | Gained mutation: You possess an exceptional clarity of
                  | mind. [potion of mutation]
  1249 | D:2      | Gained mutation: Your spells are a little harder to cast,
                  | but a little more powerful. [potion of mutation]
  1249 | D:2      | Gained mutation: You have a pair of small horns on your
                  | head. [potion of mutation]
  1712 | D:2      | Killed Terence
  2071 | D:2      | Reached skill level 4 in Shields
  2482 | D:2      | Found a runed translucent door.
  2483 | D:2      | Noticed Crazy Yiuf
  2538 | D:2      | Killed Crazy Yiuf
  3022 | D:3      | Reached XP level 4. HP: 35/35 MP: 4/4
  3903 | D:4      | Found Kerryra's Magic Scroll Boutique.
  3908 | D:4      | Bought a scroll of remove curse for 42 gold pieces
  4051 | D:4      | Found Tafir's Jewellery Shoppe.
  4119 | D:4      | Reached skill level 1 in Maces & Flails
  4119 | D:4      | Gained mutation: You are partially covered in sharp spines.
                  | [demonic ancestry]
  4119 | D:4      | Reached XP level 5. HP: 37/41 MP: 5/5
  4123 | D:4      | Reached skill level 5 in Shields
  4241 | D:4      | Found a radiant altar of Vehumet.
  4462 | D:4      | Gained mutation: You are mostly covered in sharp spines.
                  | [demonic ancestry]
  4462 | D:4      | Reached XP level 6. HP: 47/47 MP: 6/6
  4876 | D:5      | Entered Level 5 of the Dungeon
  4950 | D:5      | Reached skill level 6 in Shields
  4950 | D:5      | Reached XP level 7. HP: 51/54 MP: 7/7
  5105 | D:5      | Found a staircase to the Ecumenical Temple.
  5141 | Temple   | Entered the Ecumenical Temple
  5158 | Temple   | Became a worshipper of Warmaster Okawaru
  5615 | D:6      | Noticed Pikel
  5630 | D:6      | Killed Pikel
  5630 | D:6      | Reached * piety under Okawaru
  5630 | D:6      | Reached skill level 7 in Shields
  5630 | D:6      | Reached XP level 8. HP: 52/61 MP: 8/8
  5792 | D:6      | Found a large runed translucent door.
  5796 | D:6      | Found a large runed translucent door.
  5818 | D:6      | Reached skill level 5 in Maces & Flails
  5824 | D:6      | Reached skill level 5 in Fighting
  5864 | D:6      | Found a large runed translucent door.
  5864 | D:6      | Found a large runed translucent door.
  5905 | D:6      | Reached skill level 1 in Invocations
  6001 | D:6      | Got a jewelled shortbow
  6135 | D:6      | Noticed Blork the orc
  6142 | D:6      | Killed Blork the orc
  6175 | D:6      | Noticed Menkaure
  6186 | D:6      | Killed Menkaure
  6186 | D:6      | Reached ** piety under Okawaru
  6450 | D:6      | Identified a scroll of acquirement
  6452 | D:6      | Got an ancient great mace
  6460 | D:6      | Identified the +4 great mace of Balapn {elec, *Noise +Inv
                  | Dex+4} (You acquired it on level 6 of the Dungeon)
  6501 | D:7      | Gained mutation: You sometimes gain a little power by
                  | taking damage. [demonic ancestry]
  6501 | D:7      | Reached XP level 9. HP: 65/68 MP: 11/11
  6651 | D:7      | Reached skill level 8 in Shields
  6874 | D:7      | Found a snail-covered altar of Cheibriados.
  7158 | D:7      | Found a runed translucent gate.
  7158 | D:7      | Found a runed translucent gate.
  7158 | D:7      | Found a runed translucent gate.
  7162 | D:7      | Noticed Grendash's ghost (novice DDFi)
  7228 | D:7      | Killed Grendash's ghost
  7228 | D:7      | Reached *** piety under Okawaru
  7491 | D:8      | Found a staircase to the Lair.
  7524 | D:8      | Noticed Maurice
  7528 | D:8      | Paralysed by Maurice for 4 turns
  7548 | D:8      | Killed Maurice
  7657 | D:8      | Reached skill level 9 in Shields
  7709 | D:8      | Reached **** piety under Okawaru
  7835 | D:9      | Reached XP level 10. HP: 71/77 MP: 13/13
  8101 | D:9      | Found a sparkling altar of Nemelex Xobeh.
  8101 | D:9      | Found a burning altar of Makhleb.
  8101 | D:9      | Found a blossoming altar of Fedhas.
  8149 | D:9      | Found a deep blue altar of Sif Muna.
  8231 | D:9      | Found a staircase to the Orcish Mines.
  8297 | D:9      | Found Umnuny's Weapon Shop.
  8461 | D:4      | Bought the amulet of the Four Winds {rN+ MR+++ Clar} for
                  | 526 gold pieces
  8461 | D:4      | Found the amulet of the Four Winds {rN+ MR+++ Clar}
  9153 | D:10     | Entered Level 10 of the Dungeon
  9192 | D:10     | Noticed a deep elf mage
  9224 | D:10     | Killed a deep elf mage
  9257 | D:10     | Reached ***** piety under Okawaru
  9393 | D:10     | Noticed a gargoyle
  9394 | D:10     | Killed an unseen horror
  9394 | D:10     | Reached skill level 10 in Shields
  9394 | D:10     | Reached skill level 5 in Invocations
  9395 | D:10     | Noticed a two-headed ogre
  9589 | D:10     | Found Xepli's Armour Emporium.
  9606 | D:10     | Noticed Snorg
  9624 | D:10     | Killed Snorg
  9891 | D:10     | Killed a gargoyle
  9891 | D:10     | Received a gift from Okawaru
 10189 | D:10     | Reached XP level 11. HP: 78/85 MP: 15/15
 10248 | D:10     | Killed a two-headed ogre
 10871 | Lair:1   | Entered Level 1 of the Lair of Beasts
 11180 | Lair:1   | Got a shimmering buckler
 11191 | Lair:1   | Identified the +3 buckler of Agoraphobia {rPois rF- Int+8}
                  | (You acquired it on level 1 of the Lair of Beasts)
 11334 | Lair:1   | Noticed an oklob plant
 11364 | Lair:1   | Killed an oklob plant
 11405 | Lair:1   | Received a gift from Okawaru
 11482 | Lair:1   | Noticed Gastronok
 11491 | Lair:1   | Killed Gastronok
 11491 | Lair:1   | Reached skill level 10 in Maces & Flails
 11491 | Lair:1   | Reached skill level 11 in Shields
 12026 | Lair:2   | Reached ****** piety under Okawaru
 12081 | Lair:2   | Noticed a six-headed hydra
 12085 | Lair:2   | Noticed a four-headed hydra
 12091 | Lair:2   | Killed a six-headed hydra
 12095 | Lair:2   | Gained mutation: You have sharp fingernails. [demonic
                  | ancestry]
 12095 | Lair:2   | Reached XP level 12. HP: 55/94 MP: 17/17
 12101 | Lair:2   | Killed a four-headed hydra
 12265 | Lair:2   | Found a staircase to the Swamp.
 12577 | Lair:2   | Noticed Sonja
 12584 | Lair:2   | Killed Sonja
 12674 | Lair:2   | Found a hole to the Spider Nest.
 12825 | Lair:2   | Received a gift from Okawaru
 12827 | Lair:2   | Got a fine chain mail {god gift}
 12845 | Lair:2   | Identified the +1 chain mail of Hificib {rPois Regen+ rCorr
                  | Str+3} (Okawaru gifted it to you on level 2 of the Lair of
                  | Beasts)
 13311 | Lair:3   | Reached skill level 12 in Shields
 13994 | Lair:3   | Learned a level 2 spell: Blink
 14796 | Lair:5   | Found a staircase to the Slime Pits.
 14796 | Lair:5   | Found a viscous altar of Jiyva.
 14871 | Lair:5   | Noticed a catoblepas
 14894 | Lair:5   | Killed a catoblepas
 15164 | Lair:5   | Received a gift from Okawaru
 15193 | Lair:5   | Reached XP level 13. HP: 102/102 MP: 20/20
 15607 | Lair:6   | Entered Level 6 of the Lair of Beasts
 15685 | Lair:6   | Found an ancient bone altar of Kikubaaqudgha.
 15705 | Lair:6   | Noticed Nessos
 15733 | Lair:6   | Killed Nessos
 15733 | Lair:6   | Reached skill level 5 in Armour
 15846 | Lair:6   | Reached skill level 10 in Invocations
 15873 | Lair:6   | Reached skill level 10 in Fighting
 15956 | Lair:6   | Reached skill level 13 in Shields
 15973 | Lair:6   | Received a gift from Okawaru
 16062 | Lair:6   | Noticed a dire elephant
 16086 | Lair:6   | Killed a dire elephant
 16467 | Lair:6   | Received a gift from Okawaru
 16782 | Lair:6   | Reached XP level 14. HP: 111/111 MP: 21/21
 17226 | Orc:1    | Entered Level 1 of the Orcish Mines
 17264 | Orc:1    | Found a transporter.
 17308 | Orc:1    | Found a transporter.
 17312 | Orc:1    | Found a dark tunnel.
 17371 | Volcano  | Entered a volcano
 17430 | Volcano  | Reached skill level 14 in Shields
 17489 | Volcano  | Found a bloodstained altar of Trog.
 17836 | Orc:1    | Noticed troglodite's ghost (journeyman GnSk)
 17904 | Orc:1    | Found a bloodstained altar of Trog.
 17929 | Orc:1    | Received a gift from Okawaru
 17938 | Orc:1    | Got a polished long sword {god gift}
 17951 | Orc:1    | Identified the +2 long sword "Fiess" {slice, rPois Str+2}
                  | (Okawaru gifted it to you on level 1 of the Orcish Mines)
 18316 | Orc:2    | Entered Level 2 of the Orcish Mines
 18318 | Orc:2    | Noticed an orc warlord
 18393 | Orc:2    | Killed an orc warlord
 18497 | Orc:2    | Found Iwo Puuq's Food Shoppe.
 18950 | Orc:2    | Noticed Nergalle
 18985 | Orc:2    | Killed Nergalle
 19166 | Orc:2    | Received a gift from Okawaru
 19202 | Orc:2    | Noticed an orc warlord
 19246 | Orc:2    | Killed an orc warlord
 19307 | Orc:2    | Found a staircase to the Elven Halls.
 19381 | Orc:2    | Found a roughly hewn altar of Beogh.
 19388 | Orc:2    | Found Buurcha's General Store.
 19542 | Orc:2    | Found Ygre's Antique Armour Shop.
 19561 | Orc:2    | Found Quilek's Antique Weapon Shop.
 19904 | Orc:2    | Found Nitiq's Jewellery Shop.
 20537 | D:11     | Reached skill level 1 in Dodging
 20604 | D:11     | Reached skill level 15 in Shields
 20693 | D:11     | Got a smoking leather armour
 20704 | D:11     | Identified the cursed +0 leather armour "Yptebbyph" {rPois}
                  | (You found it on level 11 of the Dungeon)
 21195 | D:12     | Noticed Psyche
 21205 | D:12     | Killed Psyche
 21466 | Orc:2    | Bought the +1 cloak of Starlight {rElec rC+ EV+4 Stlth--}
                  | for 1335 gold pieces
 21466 | Orc:2    | Found the +1 cloak of Starlight {rElec rC+ EV+4 Stlth--}
 21609 | D:12     | Found a burning altar of Makhleb.
 21802 | D:13     | Found a gate leading to a gauntlet.
 21813 | Gauntlet | Entered a Gauntlet
 21813 | Gauntlet | Found a runed translucent door.
 21813 | Gauntlet | Found a transporter.
 21813 | Gauntlet | Found a runed translucent door.
 21813 | Gauntlet | Found a transporter.
 21815 | Gauntlet | Found a transporter.
 21815 | Gauntlet | Found a transporter.
 21819 | Gauntlet | Found a transporter.
 21819 | Gauntlet | Found a transporter.
 21852 | Gauntlet | Found a transporter.
 21855 | Gauntlet | Found a transporter.
 21866 | Gauntlet | Found a transporter.
 21882 | Gauntlet | Found a transporter.
 21896 | Gauntlet | Found a transporter.
 21900 | Gauntlet | Found a transporter.
 22070 | D:13     | Found Xytilene's Elemental Accessories.
 22089 | D:13     | Noticed Kirke
 22108 | D:13     | Killed Kirke
 22242 | D:13     | Gained mutation: You have very sharp fingernails. [demonic
                  | ancestry]
 22242 | D:13     | Reached XP level 15. HP: 120/120 MP: 22/22
 22454 | D:13     | Found a gate to the Vaults.
 22645 | D:14     | Found a shattered altar of Ashenzari.
 22683 | D:14     | Found Boriw's Food Emporium.
 22839 | D:14     | Found a deep blue altar of Sif Muna.
 23276 | D:15     | Entered Level 15 of the Dungeon
 23421 | D:15     | Received a gift from Okawaru
 23819 | D:15     | Received a gift from Okawaru
 24310 | D:15     | Reached skill level 16 in Shields
 24314 | D:15     | Found a staircase to the Depths.
 25152 | D:6      | Got a scorched scale mail
 25163 | D:6      | Identified the +0 scale mail of Okawaru's Reproof {MR++
                  | Regen+ Int+2} (You found it on level 6 of the Dungeon)
 25488 | D:4      | Bought a scroll of blinking for 105 gold pieces
 25488 | D:4      | Bought a scroll of teleportation for 42 gold pieces
 25488 | D:4      | Bought a scroll of teleportation for 42 gold pieces
 25634 | Spider:1 | Entered Level 1 of the Spider Nest
 25636 | Spider:1 | Identified the +1 shield of the Known World {rPois rN+
                  | Str+4 Int-2}
 25636 | Spider:1 | Noticed Asterion
 25723 | Spider:1 | Killed Asterion
 25892 | Spider:1 | Reached skill level 5 in Dodging
 26164 | Spider:1 | You fall through a shaft!
 26210 | Spider:2 | Gained mutation: You have a moderately thin skeletal
                  | structure. (Dex +4, Stealth+) [demonic ancestry]
 26210 | Spider:2 | Reached XP level 16. HP: 129/129 MP: 23/23
 26222 | Spider:2 | Received a gift from Okawaru
 27284 | Spider:2 | Reached skill level 10 in Armour
 27942 | Spider:2 | Received a gift from Okawaru
 28943 | Spider:4 | Entered Level 4 of the Spider Nest
 28955 | Spider:4 | Reached skill level 17 in Shields
 29092 | Spider:4 | Received a gift from Okawaru
 29815 | Spider:4 | Received a gift from Okawaru
 30095 | Spider:4 | Received a gift from Okawaru
 30099 | Spider:4 | Reached XP level 17. HP: 138/138 MP: 24/24
 30579 | Spider:4 | Got a gossamer rune of Zot
 30896 | Swamp:1  | Entered Level 1 of the Swamp
 32417 | Swamp:3  | Learned a level 1 spell: Apportation
 32419 | Swamp:3  | Learned a level 1 spell: Confusing Touch
 32831 | Swamp:3  | Noticed Donald
 32863 | Swamp:3  | Killed Donald
 32863 | Swamp:3  | Received a gift from Okawaru
 33215 | Swamp:4  | Entered Level 4 of the Swamp
 33674 | Swamp:4  | Reached skill level 18 in Shields
 33830 | Swamp:4  | Got a decaying rune of Zot
 34039 | Swamp:4  | Identified the Guide on Dark Arts and the Rocks
 34099 | Swamp:4  | Gained mutation: You have an unnaturally thin skeletal
                  | structure. (Dex +6, Stealth++) [demonic ancestry]
 34099 | Swamp:4  | Reached XP level 18. HP: 90/148 MP: 25/25
 35202 | Vaults:1 | Entered Level 1 of the Vaults
 35254 | Vaults:1 | Received a gift from Okawaru
 35254 | Vaults:1 | Reached skill level 15 in Fighting
 35994 | Vaults:1 | Killed a lich
 36219 | Vaults:1 | Found a radiant altar of Vehumet.
 36220 | Vaults:1 | Found the +5 robe of Misfortune {*Contam Harm *Corrode
                  | *Drain *Slow EV+5}
 36606 | Vaults:1 | Received a gift from Okawaru
 36832 | Vaults:1 | Found Eshrieh's Antique Armour Boutique.
 36848 | Vaults:1 | Bought a pair of glowing gloves for 202 gold pieces
 37327 | Orc:2    | Bought a cursed ring of protection from fire for 308 gold
                  | pieces
 37637 | Vaults:1 | Noticed Aizul
 37650 | Vaults:1 | Killed Aizul
 37748 | Vaults:1 | Found Jell's Armour Shop.
 38085 | Vaults:1 | Found a runed translucent door.
 38085 | Vaults:1 | Noticed dvd's ghost (adept DEFE)
 38086 | Vaults:1 | Found the +4 moon troll leather armour {Spirit, Regen++
                  | MP+5}
 38114 | Vaults:1 | Killed dvd's ghost
 38437 | Vaults:2 | Received a gift from Okawaru
 38601 | Vaults:2 | Gained mutation: Your magical and physical power is
                  | slightly enhanced at high health. [demonic ancestry]
 38601 | Vaults:2 | Reached XP level 19. HP: 87/157 MP: 26/26
 39016 | Vaults:2 | Received a gift from Okawaru
 39043 | Vaults:2 | Found Desheaza's Food Shop.
 39356 | Vaults:2 | Found Kurhydoa's Jewellery Shop.
 39565 | Vaults:2 | Found a staircase to the Crypt.
 40318 | Vaults:3 | Reached skill level 19 in Shields
 40501 | Vaults:3 | Learned a level 1 spell: Summon Butterflies
 40883 | Vaults:3 | Got a crude pewter ring
 40885 | Vaults:3 | Identified the ring of Okawaru's Generosity {Ice MP-9 Str+4
                  | Dex+4} (You found it on level 3 of the Vaults)
 41710 | Vaults:4 | Noticed a lich
 41719 | Vaults:4 | Killed a lich
 41739 | Vaults:4 | Received a gift from Okawaru
 41827 | Vaults:4 | Reached skill level 10 in Dodging
 41868 | Vaults:4 | Noticed Xtahua
 41878 | Vaults:4 | Killed Xtahua
 41945 | Vaults:4 | Gained mutation: You have claws for hands. [demonic
                  | ancestry]
 41945 | Vaults:4 | Reached XP level 20. HP: 166/166 MP: 27/27
 42085 | Vaults:2 | Bought the ring of Xoidohug {*Contam rPois rF+ rC++ SInv}
                  | for 721 gold pieces
 42453 | Vaults:4 | Found Poynn's Magic Scroll Emporium.
 42461 | Vaults:4 | Bought a scroll of fear for 63 gold pieces
 42461 | Vaults:4 | Bought a scroll of teleportation for 54 gold pieces
 42461 | Vaults:4 | Bought a scroll of teleportation for 54 gold pieces
 42461 | Vaults:4 | Bought a scroll of teleportation for 54 gold pieces
 42461 | Vaults:4 | Bought a scroll of fear for 63 gold pieces
 42943 | Vaults:4 | Noticed Saint Roka
 42976 | Vaults:4 | Killed Saint Roka
 43624 | Elf:1    | Entered Level 1 of the Elven Halls
 43701 | Elf:1    | Gained mutation: Scrolls take you a little longer to read.
                  | [a neqoxec]
 43723 | Elf:1    | Identified the Papyrus of Arcane Weapons
 43774 | Elf:1    | Found a frozen archway.
 43788 | IceCv    | Entered an ice cave
 44344 | Elf:1    | Found Qarrixta's Book Shop.
 44414 | Elf:1    | Noticed Jorgrun
 44431 | Elf:1    | Killed Jorgrun
 44589 | Elf:1    | Received a gift from Okawaru
 45219 | Elf:2    | Found Hylam's Magic Scroll Emporium.
 45232 | Elf:2    | Bought a scroll of enchant armour for 127 gold pieces
 45232 | Elf:2    | Bought a scroll of teleportation for 51 gold pieces
 45486 | Elf:2    | Found a runed translucent gate.
 45486 | Elf:2    | Found a runed translucent gate.
 45486 | Elf:2    | Found a runed translucent gate.
 45559 | Elf:2    | Noticed Jaz's ghost (journeyman HOBe)
 45579 | Elf:2    | Found a runed translucent gate.
 45579 | Elf:2    | Found a runed translucent gate.
 45587 | Elf:2    | Found a runed translucent gate.
 46100 | Elf:2    | Reached skill level 15 in Armour
 46661 | Elf:3    | Entered Level 3 of the Elven Halls
 46672 | Elf:3    | Noticed Nikola
 46680 | Elf:3    | Gained mutation: You sometimes gain power by taking damage.
                  | [demonic ancestry]
 46680 | Elf:3    | Reached XP level 21. HP: 172/176 MP: 28/28
 46707 | Elf:3    | Killed Nikola
 47315 | Elf:3    | Received a gift from Okawaru
 47336 | Elf:3    | Reached skill level 20 in Shields
 47875 | Elf:3    | Identified the +8 flail of Abuse {freeze, rN+ Dex+3 Stlth+}
 47879 | Elf:3    | Identified the cursed +1 robe "Dulaistra" {rElec rF- rN++
                  | Int+2}
 48438 | Elf:3    | Got a dazzling mace
 48439 | Elf:3    | Identified the +5 mace of Ru's Wrath {crush, rC+ MR+++
                  | Str-2 Int+3} (You found it on level 3 of the Elven Halls)
 48550 | Elf:3    | Identified the Collected Works on Boosting Earth
 48583 | Elf:3    | Got a scorched plate armour
 48594 | Elf:3    | Identified the cursed +1 plate armour of Complete
                  | Protection {-Cast rPois Dex+4 SInv} (You found it on level
                  | 3 of the Elven Halls)
 48900 | Orc:1    | Killed troglodite's ghost
 49143 | Depths:1 | Entered Level 1 of the Depths
 49355 | Depths:1 | Identified the +1 chain mail "Cal Luh" {rC+} (You found it
                  | on level 1 of the Depths)
 49389 | Depths:1 | Received a gift from Okawaru
 49390 | Depths:1 | Got a pair of blackened boots {god gift}
 49415 | Depths:1 | Identified the +0 pair of boots of Fad Caos {+Inv rF++
                  | Str+4 Int-2} (Okawaru gifted it to you on level 1 of the
                  | Depths)
 49667 | Depths:1 | Found a gateway to Hell.
 49719 | Hell     | Entered the Vestibule of Hell
 49719 | Hell     | Noticed Geryon
 50813 | Depths:2 | Gained mutation: You are powered by pain. [demonic
                  | ancestry]
 50813 | Depths:2 | Reached XP level 22. HP: 185/185 MP: 29/29
 51380 | Depths:3 | Identified the +5 faerie dragon scales {rElec rN+ rCorr}
 51380 | Depths:3 | Noticed the Enchantress
 51388 | Depths:3 | Noticed a golden dragon
 51405 | Depths:3 | Killed the Enchantress
 51405 | Depths:3 | Received a gift from Okawaru
 51406 | Depths:3 | Got a smoking eveningstar {god gift}
 51407 | Depths:3 | Identified the +4 eveningstar of Popular Demand {flame, rF+
                  | rC+ Str-2} (Okawaru gifted it to you on level 3 of the
                  | Depths)
 51944 | Depths:3 | Found a one-way gate leading to the halls of Pandemonium.
 52004 | Depths:3 | Received a gift from Okawaru
 52018 | Depths:3 | Reached skill level 21 in Shields
 52034 | Depths:3 | Got a polished quick blade {god gift}
 52036 | Depths:3 | Identified the +4 quick blade of the Dwarven Hall {protect,
                  | Str+4} (Okawaru gifted it to you on level 3 of the Depths)
 52431 | Depths:2 | Found a one-way gate to the infinite horrors of the Abyss.
 52544 | Depths:2 | Voluntarily entered the Abyss.
 52616 | Abyss:2  | Found a corrupted altar of Lugonu.
 52731 | Abyss:3  | Found a glowing golden altar of the Shining One.
 52755 | Abyss:3  | Received a gift from Okawaru
 52756 | Abyss:3  | Got a pitted flail {god gift}
 52758 | Abyss:3  | Identified the +1 flail "Oprut" {crush, rF++ MR++ Str-5}
                  | (Okawaru gifted it to you on level 3 of the Abyss)
 52819 | Abyss:3  | Reached skill level 1 in Translocations
 52857 | Abyss:3  | Noticed a juggernaut
 52863 | Abyss:3  | Got an abyssal rune of Zot
 52883 | Abyss:3  | Killed a juggernaut
 52883 | Abyss:3  | Reached skill level 1 in Spellcasting
 52897 | Depths:2 | Escaped the Abyss
 53028 | Depths:3 | Identified the +8 trident of the Rattle-Snake {venom,
                  | Dex+6} (You found it on level 3 of the Depths)
 53083 | Depths:3 | Killed a golden dragon
 53488 | Depths:3 | Reached skill level 1 in Hexes
 53765 | Depths:3 | Received a gift from Okawaru
 54035 | Vaults:1 | Fell from the grace of Okawaru
 54035 | Vaults:1 | Became a worshipper of Vehumet
 54622 | Depths:2 | Voluntarily entered the Abyss.
 54870 | Depths:2 | Escaped the Abyss
 54878 | Depths:2 | Voluntarily entered the Abyss.
 54881 | Abyss:1  | Found a corrupted altar of Lugonu.
 55015 | Abyss:1  | Reached XP level 23. HP: 194/194 MP: 30/30
 55211 | Depths:2 | Escaped the Abyss
 55364 | Depths:2 | Voluntarily entered the Abyss.
 55465 | Abyss:1  | Reached * piety under Vehumet
 55798 | Abyss:1  | Found a corrupted altar of Lugonu.
 55868 | Abyss:1  | Reached ** piety under Vehumet
 56107 | Abyss:1  | Gained mutation: Your body sometimes deteriorates upon
                  | taking damage. [a neqoxec]
 56297 | Depths:2 | Escaped the Abyss
 56300 | Depths:2 | Voluntarily entered the Abyss.
 56348 | Abyss:1  | Paralysed by accursed screaming for 1 turns
 56729 | Depths:2 | Escaped the Abyss
 58158 | Depths:2 | Voluntarily entered the Abyss.
 58177 | Abyss:1  | Found a corrupted altar of Lugonu.
 58513 | Abyss:1  | Reached *** piety under Vehumet
 58769 | Abyss:2  | Reached skill level 22 in Shields
 58944 | Depths:2 | Escaped the Abyss
 58946 | Depths:2 | Voluntarily entered the Abyss.
 59095 | Abyss:1  | Reached **** piety under Vehumet
 59106 | Abyss:1  | Offered knowledge of Lee's Rapid Deconstruction by Vehumet.
 59115 | Abyss:1  | Learned a level 5 spell: Lee's Rapid Deconstruction
 59150 | Abyss:1  | Gained mutation: You have a pair of horns on your head. [a
                  | neqoxec]
 59151 | Depths:2 | Escaped the Abyss
 59155 | Depths:2 | Voluntarily entered the Abyss.
 59249 | Depths:2 | Escaped the Abyss
 59251 | Depths:2 | Voluntarily entered the Abyss.
 59493 | Depths:2 | Escaped the Abyss
 59573 | Depths:2 | Voluntarily entered the Abyss.
 59598 | Abyss:1  | Got an ichor-stained morningstar
 60100 | Depths:2 | Escaped the Abyss
 60749 | Depths:2 | Voluntarily entered the Abyss.
 61346 | Depths:2 | Escaped the Abyss
 61348 | Depths:2 | Voluntarily entered the Abyss.
 61415 | Depths:2 | Escaped the Abyss
 61435 | Depths:2 | Voluntarily entered the Abyss.
 61544 | Abyss:1  | Reached ***** piety under Vehumet
 61549 | Abyss:1  | Offered knowledge of Ozocubu's Refrigeration by Vehumet.
 61557 | Abyss:1  | Learned a level 6 spell: Ozocubu's Refrigeration
 61719 | Abyss:1  | Paralysed by accursed screaming for 1 turns
 61726 | Depths:2 | Escaped the Abyss
 62069 | Depths:2 | Voluntarily entered the Abyss.
 62305 | Abyss:1  | Found an ancient bone altar of Kikubaaqudgha.
 62331 | Abyss:1  | Reached skill level 5 in Hexes
 62392 | Abyss:1  | Found an ancient bone altar of Kikubaaqudgha.
 62550 | Abyss:1  | Reached skill level 5 in Spellcasting
 62725 | Abyss:2  | Gained mutation: You are completely covered in sharp
                  | spines. [demonic ancestry]
 62725 | Abyss:2  | Reached XP level 24. HP: 128/162 MP: 30/30
 62855 | Abyss:3  | Found a corrupted altar of Lugonu.
 62886 | Abyss:3  | Offered knowledge of Bolt of Fire by Vehumet.
 63060 | Depths:2 | Escaped the Abyss
 63096 | Depths:2 | Voluntarily entered the Abyss.
 63187 | Abyss:1  | Noticed an ancient lich
 63358 | Depths:2 | Escaped the Abyss
 63705 | Elf:1    | Bought a Necronomicon for 1876 gold pieces
 63714 | Elf:1    | Learned a level 8 spell: Necromutation
 63714 | Elf:1    | Identified the +4 morningstar "Kefost" {protect, MR- Dex+4}
                  | (You found it on level 1 of the Abyss)
 64077 | Depths:2 | Voluntarily entered the Abyss.
 64080 | Abyss:1  | Noticed an ancient lich
 64095 | Abyss:1  | Killed an ancient lich
 64095 | Abyss:1  | Reached skill level 1 in Necromancy
 64104 | Abyss:1  | Found a corrupted altar of Lugonu.
 64175 | Abyss:1  | Found a corrupted altar of Lugonu.
 64240 | Depths:2 | Escaped the Abyss
 64378 | Depths:2 | Voluntarily entered the Abyss.
 64378 | Abyss:1  | Found a corrupted altar of Lugonu.
 64402 | Abyss:1  | Reached skill level 1 in Transmutations
 64451 | Depths:2 | Escaped the Abyss
 64748 | Vaults:1 | Learned a level 5 spell: Borgnjor's Vile Clutch
 65375 | Depths:4 | Reached skill level 23 in Shields
 65572 | Depths:4 | Reached skill level 1 in Earth Magic
 65579 | Depths:4 | Learned a level 5 spell: Dispel Undead
 65835 | Depths:4 | Found a gateway to a ziggurat.
 65840 | Depths:4 | Was forgiven by Okawaru
 66129 | Depths:4 | Found a runed translucent door.
 66132 | Depths:4 | Found a runed translucent door.
 66408 | Depths:4 | Noticed a juggernaut
 66416 | Depths:4 | Noticed a juggernaut
 66421 | Depths:4 | Killed a juggernaut
 66456 | Depths:4 | Killed a juggernaut
 66456 | Depths:4 | Reached skill level 5 in Necromancy
 66498 | Depths:4 | Got a faintly glowing platinum ring
 66500 | Depths:4 | Identified the ring of Picvedua {*Contam +Inv rC+ Str+6
                  | SInv} (You found it on level 4 of the Depths)
 66506 | Depths:4 | Identified the Collected Works on Poisoning and
                  | Self-Knowledge
 66538 | Depths:4 | Gained mutation: Your magical capacity is low. (-10% MP)
                  | [mutagenic glow]
 66661 | Depths:5 | Entered Level 5 of the Depths
 66712 | Depths:5 | Reached skill level 10 in Hexes
 67011 | Depths:5 | Offered knowledge of Poison Arrow by Vehumet.
 67079 | Depths:5 | Gained mutation: Your magical and physical power is
                  | enhanced at high health. [demonic ancestry]
 67079 | Depths:5 | Reached XP level 25. HP: 210/210 MP: 32/32
 67155 | Depths:5 | Identified the amulet "Emitanag" {RegenMP rElec Str+3} (You
                  | found it on level 5 of the Depths)
 67583 | Depths:5 | Noticed a juggernaut
 67594 | Depths:5 | Killed a juggernaut
 67747 | Depths:5 | Reached skill level 10 in Spellcasting
 68159 | Depths:5 | Found a gate to the Realm of Zot.
 68239 | Zot:1    | Entered Level 1 of the Realm of Zot
 68250 | Zot:1    | Reached ****** piety under Vehumet
 68250 | Zot:1    | Reached skill level 15 in Maces & Flails
 68503 | Zot:1    | Offered knowledge of Poison Arrow by Vehumet.
 68510 | Zot:1    | Reached skill level 24 in Shields
 69217 | Crypt:1  | Entered Level 1 of the Crypt
 69360 | Crypt:1  | HP: 10/315 [skeletal warrior/+0 dire flail[a death knight]
                  | (21)]
 69940 | Crypt:1  | Found an ancient bone altar of Kikubaaqudgha.
 70191 | Crypt:3  | Entered Level 3 of the Crypt
 70275 | Crypt:2  | Reached XP level 26. HP: 167/217 MP: 34/34
 70339 | Crypt:2  | Offered knowledge of Bolt of Fire by Vehumet.
 71223 | Crypt:3  | Offered knowledge of Bolt of Fire by Vehumet.
 71484 | Crypt:3  | Got a heavily runed hat
 71495 | Crypt:3  | Identified the +0 hat of Duty {rPois MR+ SInv} (You
                  | acquired it on level 3 of the Crypt)
 71769 | Crypt:3  | Found a basalt altar of Yredelemnul.
 71769 | Crypt:3  | Noticed an ancient lich
 71780 | Crypt:3  | Killed an ancient lich
 71780 | Crypt:3  | Reached skill level 10 in Necromancy
 71879 | Crypt:3  | Got a glittering iron ring
 71882 | Crypt:3  | Identified the ring of Pefugix {AC+2 Dex+2} (You found it
                  | on level 3 of the Crypt)
 72095 | Crypt:3  | Noticed Sojobo
 72110 | Crypt:3  | Killed Sojobo
 72689 | Crypt:3  | Found a staircase to the Tomb.
 73090 | Vaults:5 | Entered Level 5 of the Vaults
 73202 | Vaults:4 | Offered knowledge of Poison Arrow by Vehumet.
 73808 | Vaults:5 | Reached skill level 25 in Shields
 73881 | Vaults:5 | Gained mutation: Your magical and physical power is greatly
                  | enhanced at high health. [demonic ancestry]
 73881 | Vaults:5 | Reached XP level 27. HP: 84/223 MP: 36/36
 74532 | Vaults:5 | Noticed Bai Suzhen
 74551 | Vaults:5 | Killed Bai Suzhen
 74583 | Vaults:5 | Identified the ring of Orthodoxy {rElec rC++ MR+ Int-4
                  | Stlth-}
 75030 | Vaults:5 | Identified the +8 scythe "Dragon's Undoing" {flame, rC+}
 75088 | Vaults:5 | Noticed an ancient lich
 75092 | Vaults:5 | Killed an ancient lich
 75255 | Vaults:5 | Offered knowledge of Fire Storm by Vehumet.
 75255 | Vaults:5 | Offered knowledge of Chain Lightning by Vehumet.
 75255 | Vaults:5 | Offered knowledge of Ignition by Vehumet.
 75330 | Vaults:5 | Reached skill level 15 in Spellcasting
 75620 | Vaults:5 | Reached skill level 5 in Transmutations
 75624 | Vaults:5 | Reached skill level 5 in Earth Magic
 75958 | Vaults:5 | Identified the +4 war axe "Yluc" {drain, +Inv Str+4 Stlth+}
 75958 | Vaults:5 | Noticed Boris
 75967 | Vaults:5 | Killed Boris
 75971 | Vaults:5 | Got a silver rune of Zot
 76466 | Vaults:5 | Identified the ring "Xaajyi" {rF+ rN+ Int-3 Dex+5 Stlth+}
 77134 | Hell     | Killed Geryon
 77184 | Hell     | Found a gateway to the freezing wastes of Cocytus.
 78104 | Hell     | Found a gateway to the decaying netherworld of Tartarus.
 78166 | Hell     | Found a gateway to the ashen valley of Gehenna.
 78256 | Hell     | Found a gateway to the Iron City of Dis.
 78859 | Slime:1  | Entered Level 1 of the Pits of Slime
 79127 | Slime:4  | Paralysed by a floating eye for 4 turns
 79368 | Slime:5  | Entered Level 5 of the Pits of Slime
 79378 | Slime:5  | Paralysed by a floating eye for 3 turns
 79628 | Slime:5  | Noticed the Royal Jelly
 79660 | Slime:5  | Killed the Royal Jelly
 80213 | Slime:5  | Gained mutation: You are clumsy. (Dex -2) [a shining eye]
 80363 | Slime:5  | Got a slimy rune of Zot
 81611 | Zot:2    | Noticed an orb of fire
 81635 | Zot:2    | Lost mutation: You possess an exceptional clarity of mind.
                  | [an orb of fire]
 81639 | Zot:2    | Lost mutation: Your spells are a little harder to cast, but
                  | a little more powerful. [an orb of fire]
 81640 | Zot:2    | Killed an orb of fire
 82800 | Zot:3    | Noticed an ancient lich
 83101 | Zot:3    | Killed an ancient lich
 83118 | Zot:3    | Reached skill level 10 in Earth Magic
 83785 | Zot:3    | Identified the Incunabulum of Hexes and Changing
 83787 | Zot:3    | Identified Kedadd's Incunabulum of Black Arts and
                  | Displacement
 83796 | Zot:3    | Got a heavily runed ring mail
 84699 | Zot:4    | Noticed an ancient lich
 84707 | Zot:4    | Killed an ancient lich
 85984 | Zot:5    | Entered Level 5 of the Realm of Zot
 86903 | Zot:5    | Noticed an ancient lich
 86907 | Zot:5    | Noticed an orb of fire
 86944 | Zot:5    | Noticed an orb of fire
 87941 | Zot:5    | Gained mutation: Scrolls take you longer to read. [an orb
                  | of fire]
 87959 | Zot:5    | Gained mutation: You tend to lose your temper in combat.
                  | [an orb of fire]
 87961 | Zot:5    | Gained mutation: Armour fits poorly on your strangely
                  | shaped body. [an orb of fire]
 88389 | Zot:5    | Noticed an ancient lich
 88395 | Zot:5    | Killed an ancient lich
 88399 | Zot:5    | Killed an ancient lich
 88413 | Zot:5    | Noticed an ancient lich
 88421 | Zot:5    | Gained mutation: Scrolls take you much longer to read. [an
                  | orb of fire]
 88427 | Zot:5    | Gained mutation: Your spells are a little easier to cast,
                  | but a little less powerful. [an orb of fire]
 88428 | Zot:5    | Killed an ancient lich
 88428 | Zot:5    | Gained mutation: Your magical capacity is very low. (-20%
                  | MP) [an orb of fire]
 88433 | Zot:5    | Gained mutation: You occasionally shout uncontrollably at
                  | your foes. [an orb of fire]
 88434 | Zot:5    | Killed an orb of fire
 88667 | Zot:5    | Gained mutation: You are frail. (-10% HP) [an orb of fire]
 88687 | Zot:5    | Gained mutation: You passively map a small area around you.
                  | [an orb of fire]
 88695 | Zot:5    | Killed an orb of fire
 90015 | Zot:5    | Lost mutation: You are frail. (-10% HP) [potion of
                  | mutation]
 90015 | Zot:5    | Lost mutation: Your body sometimes deteriorates upon taking
                  | damage. [potion of mutation]
 90015 | Zot:5    | Lost mutation: Your magical capacity is very low. (-20% MP)
                  | [potion of mutation]
 90015 | Zot:5    | Lost mutation: You occasionally shout uncontrollably at
                  | your foes. [potion of mutation]
 90015 | Zot:5    | Gained mutation: You expend magic power (3 MP) to
                  | strengthen your wands. [potion of mutation]
 90015 | Zot:5    | Gained mutation: Your muscles are strong. (Str +2) [potion
                  | of mutation]
 90016 | Zot:5    | Lost mutation: Scrolls take you much longer to read.
                  | [potion of mutation]
 90016 | Zot:5    | Lost mutation: You passively map a small area around you.
                  | [potion of mutation]
 90016 | Zot:5    | Lost mutation: Your spells are a little easier to cast, but
                  | a little less powerful. [potion of mutation]
 90016 | Zot:5    | Gained mutation: You are resistant to hostile enchantments.
                  | (MR+) [potion of mutation]
 90016 | Zot:5    | Gained mutation: You have a pair of large horns on your
                  | head. [potion of mutation]
 90021 | Zot:5    | Lost mutation: You are resistant to hostile enchantments.
                  | (MR+) [potion of mutation]
 90021 | Zot:5    | Lost mutation: Your magical capacity is low. (-10% MP)
                  | [potion of mutation]
 90021 | Zot:5    | Lost mutation: You are clumsy. (Dex -2) [potion of
                  | mutation]
 90021 | Zot:5    | Lost mutation: You expend magic power (3 MP) to strengthen
                  | your wands. [potion of mutation]
 90021 | Zot:5    | Gained mutation: Your muscles are very strong. (Str +4)
                  | [potion of mutation]
 90022 | Zot:5    | Lost mutation: Your muscles are very strong. (Str +4)
                  | [potion of mutation]
 90022 | Zot:5    | Lost mutation: Scrolls take you longer to read. [potion of
                  | mutation]
 90022 | Zot:5    | Lost mutation: Your muscles are strong. (Str +2) [potion of
                  | mutation]
 90022 | Zot:5    | Lost mutation: Armour fits poorly on your strangely shaped
                  | body. [potion of mutation]
 90022 | Zot:5    | Gained mutation: Your muscles are strong. (Str +2) [potion
                  | of mutation]
 90022 | Zot:5    | Gained mutation: Your mind is acute. (Int +2) [potion of
                  | mutation]
 90023 | Zot:5    | Lost mutation: You tend to lose your temper in combat.
                  | [potion of mutation]
 90023 | Zot:5    | Lost mutation: You have a pair of large horns on your head.
                  | [potion of mutation]
 90023 | Zot:5    | Lost mutation: Your muscles are strong. (Str +2) [potion of
                  | mutation]
 90023 | Zot:5    | Lost mutation: Scrolls take you a little longer to read.
                  | [potion of mutation]
 90023 | Zot:5    | Gained mutation: Your natural rate of healing is unusually
                  | fast. [potion of mutation]
 90288 | Depths:3 | Learned a level 3 spell: Regeneration
 90300 | Pan      | Entered Pandemonium
 90515 | Pan      | Noticed Aryiryuqug the pandemonium lord
 90538 | Pan      | Killed Aryiryuqug the pandemonium lord
 91236 | Pan      | Entered the realm of Cerebov.
 91406 | Pan      | Identified the +6 sword of Cerebov {flame}
 91406 | Pan      | Noticed Cerebov
 91612 | Pan      | HP: 16/360 [Cerebov/great blast of fire (28)]
 91616 | Pan      | Killed Cerebov
 91617 | Pan      | HP: 3/360 [balrug/divine providence (13)]
 91618 | Pan      | RIP
 91620 | Pan      | Killed from afar by a balrug

Skill      XL: |  1  2  3  4  5  6  7  8  9 10 11 12 13 14 15 16 17 18 19 20 21 22 23 24 25 26 27 |
---------------+----------------------------------------------------------------------------------+-----
Shields        | 3 4 5 6 7 9 10 11 12 13 15 16 17 18 19 20 21 22 23 24 25 | 25.0
Maces & Flails | 1 2 3 4 6 7 9 10 11 12 13 14 15 | 15.9
Fighting       | 4 5 6 7 8 9 10 12 13 14 15 16 17 18 19 24 | 24.6
Invocations    | 3 4 5 7 9 10 | 10.0
Armour         | 4 6 8 9 10 12 13 14 15 16 | 16.9
Dodging        | 2 5 7 8 9 10 11 | 11.4
Translocations | 3 4 |  4.0
Spellcasting   | 2 5 9 11 13 22 | 22.2
Hexes          | 2 6 10 12 13 | 13.0
Necromancy     | 6 8 11 13 | 13.4
Transmutations | 1 6 |  6.0
Earth Magic    | 1 10 | 10.1
Axes           | |  1.7

Action                   |  1- 3 |  4- 6 |  7- 9 | 10-12 | 13-15 | 16-18 | 19-21 | 22-24 | 25-27 || total
-------------------------+-------+-------+-------+-------+-------+-------+-------+-------+-------++-------
Melee: War axe           |    88 |       |       |       |       |       |       |       |       ||    88
       Mace              |    51 |    30 |       |       |       |     1 |       |       |       ||    82
       Headbutt          |     9 |    30 |    55 |   176 |   391 |   572 |   500 |   878 |  1216 ||  3827
       Short sword       |     8 |       |       |       |       |       |       |       |       ||     8
       Whip              |       |    85 |   241 |   331 |    18 |       |       |       |       ||   675
       Demon whip        |       |       |       |   353 |  1671 |  2105 |  1736 |  2387 |  2754 || 11006
       Hand axe          |       |       |       |       |       |     9 |       |       |       ||     9
       Eveningstar       |       |       |       |       |       |       |       |   104 |       ||   104
       Morningstar       |       |       |       |       |       |       |       |    29 |   619 ||   648
Throw: Throwing net      |       |       |       |       |       |       |       |       |     1 ||     1
 Cast: Apportation       |       |       |       |       |       |       |       |    17 |       ||    17
       Confusing Touch   |       |       |       |       |       |       |       |     4 |       ||     4
       Summon Butterflie |       |       |       |       |       |       |       |     6 |    17 ||    23
       Dispel Undead     |       |       |       |       |       |       |       |       |    32 ||    32
       Borgnjor's Vile C |       |       |       |       |       |       |       |       |    84 ||    84
       Regeneration      |       |       |       |       |       |       |       |       |    10 ||    10
       Blink             |       |       |       |       |       |       |       |       |     9 ||     9
       Lee's Rapid Decon |       |       |       |       |       |       |       |       |     5 ||     5
Invok: Heroism           |       |       |     2 |       |     4 |       |       |     1 |       ||     7
       Finesse           |       |       |       |       |     4 |       |     3 |     1 |       ||     8
 Abil: Evoke Flight      |       |       |       |       |       |       |       |       |     2 ||     2
Evoke: Wand              |       |       |       |     7 |     3 |     1 |     6 |     6 |     2 ||    25
       Lightning rod     |       |       |       |     5 |       |       |       |       |       ||     5
       Box of beasts     |       |       |       |       |     1 |     2 |       |       |       ||     3
       Lamp of fire      |       |       |       |       |       |       |     1 |     1 |       ||     2
       Phantom mirror    |       |       |       |       |       |       |       |     1 |     2 ||     3
  Use: Potion            |     3 |       |     3 |     2 |     1 |     2 |       |     1 |    22 ||    34
       Scroll            |     6 |     4 |     7 |    11 |    10 |     6 |    10 |     8 |     9 ||    71
 Stab: Sleeping          |     4 |       |       |       |       |       |       |       |       ||     4
       Confused          |       |       |       |     4 |     2 |     2 |     5 |       |       ||    13
       Petrified         |       |       |       |       |     3 |       |       |       |       ||     3
       Distracted        |       |       |       |       |       |     2 |       |       |       ||     2
       Held in net/web   |       |       |       |       |       |     1 |       |       |     1 ||     2
  Eat: Chunk             |     3 |     7 |     9 |    20 |    32 |    38 |    37 |    27 |    46 ||   219
       Ration            |     1 |       |       |     1 |     1 |     1 |     1 |     8 |    13 ||    26
Armor: Scale mail        |    51 |    38 |    57 |   105 |       |       |       |       |       ||   251
       Leather armour    |     6 |       |       |       |       |       |       |       |       ||     6
       Skin              |       |       |    19 |       |       |       |       |     4 |       ||    23
       Plate armour      |       |       |       |    42 |       |       |       |       |       ||    42
       Chain mail        |       |       |       |    35 |   303 |   586 |    77 |       |       ||  1001
       Fire dragon scale |       |       |       |       |       |       |   147 |   257 |       ||   404
       Troll leather arm |       |       |       |       |       |       |       |    66 |    60 ||   126
       Acid dragon scale |       |       |       |       |       |       |       |       |   437 ||   437
Dodge: Dodged            |    47 |    22 |    42 |    93 |   269 |   622 |   452 |   692 |  1398 ||  3637
Block: Shield            |    66 |    47 |   113 |   289 |   296 |       |       |       |       ||   811
       Large shield      |       |       |       |       |   654 |  1840 |  1324 |  1835 |  3153 ||  8806
